 Dungeon Crawl Stone Soup version 0.19-a0-957-gf4ea323 (webtiles) character file.

173782 4thArraOfDagon the Executioner (level 17, 0/138 HPs)
             Began as a Minotaur Chaos Knight on July 10, 2016.
             Was the Champion of the Shining One.
             Slain by a salamander
             ... wielding a +0 trident
              (13 damage)
             ... on level 2 of the Snake Pit.
             The game lasted 01:41:29 (17875 turns).

4thArraOfDagon the Executioner (MiCK)              Turns: 17875, Time: 01:41:30

Health: 0/138      AC: 36    Str: 18    XL:     17   Next: 43%
Magic:  6/6        EV: 12    Int: 17    God:    the Shining One [******]
Gold:   1978       SH:  0    Dex:  8    Spells: 4 memorised, 1 level left

rFire  . . .     SeeInvis .     q - +8 Wrath of Trog {antimagic, *Rage}
rCold  + . .     Gourm    .     a - +15 Maxwell's patent armour {-Cast -Tele rElec MR+ rCorr}
rNeg   + + +     Faith    .     (shield currently unavailable)
rPois  +         Spirit   .     (helmet unavailable)
rElec  +         Dismiss  .     g - +0 cloak
rCorr  +         Reflect  .     (no gloves)
SustAt .         Harm     .     t - +0 pair of boots
MR     ++...     Clarity  +     e - amulet of Misy Eka {Regen+ Int+4 Slay+2}
Stlth  .......... NoTele   +    b - ring of poison resistance NoCast +
                                F - +3 ring of slaying

@: lethally poisoned (0 -> -1), glowing, studying Translocations, very resistant
to hostile enchantments, extremely unstealthy
A: retaliatory headbutt, fangs 1, horns 3, repulsion field 1, clarity, clumsy 1,
cold resistance 1, deterioration 1, frail 1, low mp 2, weak 1, sturdy frame 1
a: Divine Shield, Cleansing Flame, Summon Divine Warrior, Brand Weapon With Holy
Wrath, Renounce Religion


You were on level 2 of the Snake Pit.
You worshipped the Shining One.
The Shining One was exalted by your worship.
You were hungry.

You visited 6 branches of the dungeon, and saw 29 of its levels.
You visited the Abyss 2 times.
You also visited: Ossuary.

You collected 2764 gold pieces.
You spent 786 gold pieces at shops.

Inventory:

Hand Weapons
 q - the +8 Wrath of Trog (weapon) {antimagic, *Rage}
   (You took it off a deep elf demonologist on level 3 of the Elven Halls)

   It reduces the magical energy of the wielder, and disrupts the spells and
   magical abilities of those hit.
   Natural abilities and divine invocations are not affected.
   It may make you go berserk in combat.
 C - a +5 executioner's axe of flaming
 V - the +8 hand axe "Pyzomo" {antimagic, rF+}
   (You took it off a deep elf mage on level 3 of the Elven Halls)

   It reduces the magical energy of the wielder, and disrupts the spells and
   magical abilities of those hit.
   Natural abilities and divine invocations are not affected.
   It protects you from fire.
Missiles
 y - a throwing net (quivered)
Armour
 a - the +15 Maxwell's patent armour (worn) {-Cast -Tele rElec MR+ rCorr}
   (You found it on level 3 of the Elven Halls)

   It insulates you from electricity.
   It affects your resistance to hostile enchantments.
   It prevents spellcasting.
   It prevents most forms of teleportation.
   It protects you from acid and corrosion.
 g - a +0 cloak (worn)
 t - a +0 pair of boots (worn)
Jewellery
 b - a ring of poison resistance (right hand)
 e - the amulet of Misy Eka (around neck) {Regen+ Int+4 Slay+2}
   (You took it off a deep elf mage on level 3 of the Elven Halls)

   [amulet of regeneration]

   It affects your intelligence (+4).
   It affects your accuracy and damage with ranged weapons and melee attacks
   (+2).
   It increases your rate of regeneration.
 f - the ring "Ucuuhy" {+Fly rF+ MR++ Str-2 Int+3}
   (You found it on level 3 of the Abyss)

   [ring of protection from fire]

   It affects your strength (-2).
   It affects your intelligence (+3).
   It protects you from fire.
   It affects your resistance to hostile enchantments.
   It lets you fly.
 h - a +3 ring of dexterity
 i - an uncursed ring of ice
 n - an uncursed ring of stealth
 r - a +3 ring of intelligence
 s - an uncursed ring of sustain attributes
 x - an uncursed ring of sustain attributes
 D - a +4 ring of protection
 F - a +3 ring of slaying (left hand)
 G - an uncursed ring of fire
 T - an uncursed ring of protection from cold
 U - an uncursed ring of stealth
Wands
 B - a wand of disintegration (2/24)
 K - a wand of teleportation (4/9)
 Q - a wand of paralysis (16/24)
Scrolls
 k - a scroll of enchant armour
 l - 2 scrolls of blinking
 o - 2 scrolls of immolation
 p - a scroll of brand weapon
 z - 6 scrolls of remove curse
 A - 2 scrolls of magic mapping
 H - a scroll of fear
 I - a scroll of vulnerability
 J - a scroll of identify
 P - 2 scrolls of teleportation
 X - 2 scrolls of recharging
 Z - 2 scrolls of fog
Potions
 d - a potion of agility
 j - 2 potions of magic
 u - 3 potions of berserk rage
 w - 5 potions of flight
 E - 2 potions of cure mutation
 L - a potion of lignification
 M - 3 potions of curing
 O - 2 potions of haste
 R - 2 potions of brilliance
 S - 2 potions of heal wounds
 Y - a potion of resistance
Books
 W - a manual of Translocations
Miscellaneous
 v - a lamp of fire
 N - a sack of spiders
Comestibles
 c - 13 bread rations
 m - 11 meat rations


   Skills:
 + Level 14.5 Fighting
 * Level 24.1 Axes
 + Level 18.0 Armour
 + Level 7.3 Dodging
 + Level 9.5 Invocations


You had one spell level left.
You knew the following spells:

 Your Spells              Type           Power        Failure   Level  Hunger
a - Silence               Hex/Air        #.........   100%        5    ######.
b - Repel Missiles        Chrm/Air       #.....       99%         2    ###....
c - Haste                 Chrm           #.......     100%        6    #######
d - Swiftness             Chrm/Air       #.......     99%         2    ###....


Dungeon Overview and Level Annotations

Branches:
Dungeon (15/15)            Temple (1/1) D:4            Lair (6/6) D:11
  Snake (2/4) Lair:4          Orc (2/2) D:10            Elf (3/3) Orc:2
 Vaults (0/5) D:13
  Swamp: Lair:2-4    Shoals: Lair:2-4     Slime: Lair:5-6    Depths: D:15

Altars:
Ashenzari
Dithmenos
Elyvilon
Fedhas
Gozag
Hepliaklqana
Makhleb
Okawaru
Pakellas
Qazlal
Trog
Uskayaw
Xom
Yredelemnul
The Shining One
Beogh

Shops:
D:14 *   D:15 =   Orc:2 (%[:   Elf:2 %   Snake:1 :   Snake:2 %

Annotations:
D:7 Tungsten's ghost, novice OpTm
Lair:6 exclusion: oklob plant
Orc:2 exclusion: upstairs
Elf:2 3 runed doors, Aizul


Innate Abilities, Weirdness & Mutations

You reflexively headbutt those who attack you in melee.
You have a pair of large horns on your head.
You have very sharp teeth.
You are surrounded by a mild repulsion field. (EV +2)
You possess an exceptional clarity of mind.
You are clumsy. (Dex -2)
Your flesh is cold resistant. (rC+)
Your body sometimes deteriorates upon taking damage.
You are frail. (-10% HP)
Your magical capacity is very low. (-20% MP)
You are weak. (Str -2)
Your movements are slightly less encumbered by armour. (ER -2)


Message History

Found a bread ration.
Unknown command.
Unknown command.
Unknown command.
The salamander barely misses you.
Unknown command.
Unknown command.
You slice the salamander!!
You kill the salamander!
You feel sick.
The salamander shoots an arrow.
The arrow hits you but does no damage.
Unknown command.
Unknown command.
A naga comes into view. It is wielding a flail.
The naga shouts!
The salamander hits you with a trident.
* * * LOW HITPOINT WARNING * * *
You are engulfed in flames!
You die...
Xom snickers!

......#.N....#...........#
.........#..../..........#
.......$...####..........#
###.......## #..........#
#.......#####..........#
#.#.##..N..##..(.......#
#.. ###......[........# ##
##....N...........#
#.....N.N@(########
#.......<.∩#
...N.$.....^......
###..N........(....
..................
#..........#......
##.........#.....%
#................
............%...


You could see 2 naga warriors, 2 salamanders and 2 nagas.

Vanquished Creatures
  A bone dragon (Abyss:2)
  2 deep elf blademasters (Elf:3)
  Asterion (Snake:2)
  2 deep elf master archers (Elf:3)
  A tentacled starspawn (Abyss:4)
  Kirke (Snake:2)
  6 deep elf sorcerers (Elf:3)
  A cacodemon (Abyss:2)
  4 deep elf elementalists (Elf:3)
  9 deep elf demonologists
  A vampire knight (D:15)
  Nessos (D:13)
  4 deep elf annihilators
  7 deep elf death magi
  2 fire dragons
  2 deep elf high priests (Elf:3)
  A hydra (Lair:3)
  Fannar (D:10)
  Harold (D:11)
  3 centaur warriors
  12 dancing weapons
  An ogre mage (Orc:1)
  An anaconda (Snake:2)
  A death yak (Lair:3)
  2 orc high priests
  2 thrashing horrors (Abyss:4)
  2 shock serpents
  2 wretched stars (Abyss:4)
  14 deep elf knights
  A skeletal warrior (D:13)
  A fire crab (shapeshifter) (D:14)
  An unseen horror (shapeshifter) (D:13)
  5 unseen horrors
  A spatial maelstrom (Abyss:4)
  6 hill giants
  A naga ritualist (Snake:2)
  2 wizards
  12 deep elf archers
  2 phantasmal warriors
  2 orc knights (Orc:2)
  A manticore (D:12)
  56 deep elf magi
  A wolf spider zombie (D:12)
  3 mana vipers (Snake:2)
  6 ugly things
  3 orc sorcerers (Orc:2)
  A griffon (D:15)
  A sixfirhy (Abyss:2)
  2 salamanders
  2 cyclopes
  3 naga magi (Snake:1)
  9 black mambas
  A gargoyle (D:15)
  An elephant (D:11)
  An orange demon (Abyss:2)
  4 spiny frogs
  5 rime drakes
  2 smoke demons (Abyss:4)
  2 komodo dragons
  A kobold demonologist (D:10)
  A freezing wraith (Abyss:4)
  An efreet (D:14)
  3 ancient zymes
  9 polar bears
  10 trolls
  5 two-headed ogres
  3 meliai (D:14)
  A tengu conjurer (D:14)
  A slime creature (D:12)
  5 blink frogs
  7 raiju
  A slime creature (shapeshifter) (D:13)
  A meliai zombie (D:15)
  3 air elementals
  2 wraiths
  8 yaks
  3 wyverns
  5 water elementals
  2 fire elementals
  A hog (shapeshifter) (D:13)
  2 ynoxinuls (Abyss:4)
  A hungry ghost (D:12)
  2 steam dragons (Lair:6)
  4 hogs (Snake:2)
  4 vampire mosquitoes
  6 basilisks
  5 hippogriffs
  7 wargs
  2 spatial vortices (Abyss:4)
  7 water moccasins
  4 hell hounds (Lair:6)
  7 nagas
  14 black bears
  2 large abominations
  11 porcupines
  2 swamp drakes (Lair:6)
  30 orc warriors
  2 wasps
  2 sky beasts
  2 phantoms
  9 starcursed masses (Abyss:4)
  4 ice beasts
  A necrophage (D:12)
  17 ogres
  An eye of draining (D:12)
  18 wolves
  11 centaurs
  10 crocodiles
  13 big kobolds
  11 giant frogs
  5 earth elementals
  6 scorpions
  2 wyvern skeletons
  6 killer bees
  2 howler monkeys
  5 wights (D:14)
  9 crimson imps
  6 centaur zombies
  A quasit (D:7)
  2 human zombies (Ossuary)
  3 giant frog skeletons
  20 orc priests
  9 centaur skeletons
  20 hounds
  2 jellies
  28 orc wizards
  6 iguanas
  11 worker ants
  6 small abominations
  A killer bee zombie (D:9)
  19 sheep
  A big kobold zombie (Ossuary)
  4 mummies
  Robin (D:4)
  2 worker ant zombies
  6 adders
  2 river rats (Lair:3)
  2 shadow imps
  An ufetubus (Abyss:4)
  An ooze (D:3)
  2 adder zombies
  2 adder skeletons
  A worm (D:2)
  3 dart slugs
  4 giant geckos
  80 orcs
  10 goblins
  7 hobgoblins
  8 jackals
  3 quokkas
  5 bats
  A giant gecko zombie (D:5)
  3 giant newts
  2 gnoll zombies (Ossuary)
  A hobgoblin zombie (Ossuary)
  34 kobolds
  A quokka skeleton (D:4)
  6 rats
  2 crawling corpses (Elf:1)
  2 fungi
  6 plants
  4 starspawn tentacles (Abyss:4)
886 creatures vanquished.

Vanquished Creatures (collateral kills)
  Rupert (D:13)
  A death knight (D:13)
2 creatures vanquished.

Vanquished Creatures (others)
  A centaur warrior (D:14)
  A wizard (D:12)
  A hound (Lair:6)
  A kobold (D:10)
  6 fungi
  8 plants
  4 starspawn tentacles (Abyss:4)
  61 starspawn tentacle segments (Abyss:4)
83 creatures vanquished.

Grand Total: 971 creatures vanquished

Notes
Turn   | Place    | Note
-------+----------+-------------------------------------------
     0 | D:1      | 4thArraOfDagon the Minotaur Chaos Knight began the quest for the Orb.
     0 | D:1      | Reached XP level 1. HP: 19/19 MP: 0/0
   123 | D:1      | Reached skill level 4 in Axes
   131 | D:1      | XOM: harmless Divn miscast
   133 | D:1      | XOM: butterfly on damage
   135 | D:1      | Reached XP level 2. HP: 17/27 MP: 1/1
   296 | D:3      | Reached XP level 3. HP: 30/33 MP: 2/2
   357 | D:3      | Found a stormy altar of Qazlal.
   570 | D:4      | Noticed Robin
   578 | D:4      | Reached skill level 5 in Axes
   585 | D:4      | Reached XP level 4. HP: 28/41 MP: 3/3
   590 | D:4      | Killed Robin
   604 | D:4      | Found a staircase to the Ecumenical Temple.
   644 | D:5      | Entered Level 5 of the Dungeon
   646 | D:5      | XOM: smoke on damage
   651 | D:5      | Reached XP level 5. HP: 17/47 MP: 4/4
   671 | D:5      | XOM: divination: detect items
   729 | D:5      | Found an oddly glowing altar of Pakellas.
   860 | D:5      | Noticed an ogre
   862 | D:5      | XOM: divination: magic mapping
   885 | D:5      | XOM: divination: detect items
   898 | D:5      | Killed an ogre
   898 | D:5      | Reached skill level 5 in Fighting
   898 | D:5      | Reached skill level 6 in Axes
   950 | D:5      | Found a burning altar of Makhleb.
   993 | D:6      | XOM: potion effect (berserk rage)
   994 | D:6      | Reached XP level 6. HP: 56/56 MP: 5/5
  1034 | D:6      | XOM: enchant monster (bad)
  1058 | D:6      | XOM: 2-stop teleportation journey
  1075 | D:6      | XOM: summons friendly crimson imp
  1086 | D:6      | Found a sand-covered staircase.
  1196 | Temple   | Entered the Ecumenical Temple
  1235 | Temple   | Fell from the grace of Xom
  1235 | Temple   | Became a worshipper of the Shining One
  1294 | D:6      | Reached skill level 7 in Axes
  1348 | Ossuary  | Entered an ossuary
  1401 | Ossuary  | Reached XP level 7. HP: 31/62 MP: 6/6
  1502 | Ossuary  | Reached * piety under the Shining One
  1571 | D:6      | Gained mutation: Your body sometimes deteriorates upon taking damage. [potion of mutation]
  1571 | D:6      | Gained mutation: Your spells are a little easier to cast, but a little less powerful. [potion of mutation]
  1571 | D:6      | Gained mutation: You are weak. (Str -2) [potion of mutation]
  1572 | D:6      | Gained mutation: You are frail. (-10% HP) [potion of mutation]
  1572 | D:6      | Gained mutation: Your mind is acute. (Int +2) [potion of mutation]
  1572 | D:6      | Gained mutation: You are surrounded by a mild repulsion field. (EV +2) [potion of mutation]
  1626 | D:6      | Reached skill level 1 in Invocations
  1651 | D:6      | Reached skill level 8 in Axes
  1651 | D:6      | Reached skill level 5 in Armour
  1663 | D:6      | Turgon: Hi, still a friend of mutation pots?!
  1831 | D:6      | XOM: give mutations
  1831 | D:6      | Lost mutation: Your mind is acute. (Int +2) [Xom's mischief]
  1831 | D:6      | Gained mutation: You possess an exceptional clarity of mind. [Xom's mischief]
  1831 | D:6      | Gained mutation: Your movements are slightly less encumbered by armour. (ER -2) [Xom's mischief]
  1851 | D:7      | Found an opulent altar of Gozag.
  1877 | D:7      | XOM: 3-stop teleportation journey
  1902 | D:7      | Reached XP level 8. HP: 43/63 MP: 8/8
  1984 | D:7      | Reached ** piety under the Shining One
  1993 | D:7      | Reached skill level 9 in Axes
  2096 | D:7      | Noticed Tungsten's ghost (novice OpTm)
  2415 | D:8      | XOM: mild Tloc miscast
  2500 | D:9      | Found a white marble altar of Elyvilon.
  2565 | D:9      | Noticed a two-headed ogre
  2580 | D:9      | Found a shadowy altar of Dithmenos.
  2604 | D:9      | Killed a two-headed ogre
  2604 | D:9      | Reached skill level 10 in Axes
  2604 | D:9      | Reached XP level 9. HP: 40/72 MP: 9/11
  2643 | D:9      | HP: 5/108 [sky beast (5)]
  2726 | D:9      | XOM: medium Chrm miscast
  2966 | D:10     | Entered Level 10 of the Dungeon
  2969 | D:10     | Noticed Fannar
  2995 | D:10     | XOM: god gift: droning book {god gift}
  2996 | D:10     | Identified Aguwom's Papyrus of the Flying Glacier (Xom gifted it to you on level 10 of the Dungeon)
  3003 | D:10     | Learned a level 5 spell: Silence
  3003 | D:10     | TY
  3009 | D:10     | Reached skill level 11 in Axes
  3042 | D:10     | Found a staircase to the Orcish Mines.
  3059 | D:10     | Reached skill level 5 in Invocations
  3086 | D:10     | Reached *** piety under the Shining One
  3171 | D:11     | XOM: medium Divn miscast
  3200 | D:11     | Reached XP level 10. HP: 71/81 MP: 3/13
  3214 | D:11     | Noticed a gargoyle
  3295 | D:10     | Noticed a hill giant
  3482 | D:12     | Noticed a hill giant
  3617 | D:11     | Noticed Harold
  3640 | D:11     | Reached skill level 12 in Axes
  3707 | D:11     | Noticed an unseen horror
  3720 | D:11     | Killed an unseen horror
  3775 | D:11     | Noticed an elephant
  3834 | D:11     | Noticed a red ugly thing
  3845 | D:12     | Noticed a wizard
  3845 | D:12     | Noticed a wizard
  3853 | D:12     | Noticed a wizard
  3858 | D:12     | Killed a wizard
  3867 | D:12     | Killed a wizard
  3875 | D:12     | Identified the Incunabulum of Sand (You found it on level 12 of the Dungeon)
  3904 | D:12     | Identified Ts'ui Pên's Incunabulum of Forking Paths (You found it on level 12 of the Dungeon)
  3907 | D:12     | Learned a level 2 spell: Repel Missiles
  3966 | D:12     | Identified the Volume of Plaster Cramp (You found it on level 12 of the Dungeon)
  4078 | D:11     | Reached skill level 10 in Fighting
  4082 | D:11     | Reached skill level 13 in Axes
  4196 | D:12     | XOM: mild Necr miscast
  4378 | D:12     | Noticed a cyclops
  4387 | D:12     | Reached XP level 11. HP: 66/88 MP: 13/15
  4738 | D:12     | XOM: mild Fire miscast
  4768 | D:12     | Noticed an unseen horror
  4787 | D:12     | Killed an unseen horror
  4843 | D:12     | Noticed a hill giant
  4843 | D:12     | Noticed a centaur warrior
  4843 | D:12     | Reached **** piety under the Shining One
  4855 | D:12     | HP: 4/90 [manticore/volley of spikes (12)]
  4865 | D:12     | HP: 1/90 [manticore (5)]
  4868 | D:12     | The Shining One protects you from harm!
  4870 | D:12     | HP: 2/90 [orc/trident (3)]
  4881 | D:12     | XOM: silly message
  4919 | D:13     | XOM: silly message
  5189 | D:13     | Reached skill level 10 in Armour
  5217 | D:13     | Noticed Nessos
  5221 | D:13     | rip
  5258 | D:13     | Killed Nessos
  5258 | D:13     | Reached skill level 14 in Axes
  5283 | D:13     | Noticed a ghost crab
  5283 | D:13     | Noticed a giant orange brain
  5283 | D:13     | a ghost crab changed into a giant orange brain
  5296 | D:13     | Noticed an unseen horror
  5299 | D:13     | Noticed a giant orange brain
  5299 | D:13     | Noticed a wolf spider
  5299 | D:13     | a giant orange brain changed into a wolf spider
  5304 | D:13     | Killed an unseen horror
  5304 | D:13     | Noticed an ettin
  5304 | D:13     | a wolf spider changed into an ettin
  5305 | D:13     | an ettin changed into a slime creature
  5326 | D:13     | Gained mutation: You are very weak. (Str -4) [mutagenic meat]
  5332 | D:13     | Gained mutation: You are very frail. (-20% HP) [mutagenic meat]
  5338 | D:13     | Gained mutation: Your magical capacity is low. (-10% MP) [mutagenic meat]
  5373 | D:13     | Found a gate to the Vaults.
  5564 | D:13     | Noticed a skeletal warrior
  5570 | D:13     | XOM: noise
  5587 | D:13     | Noticed a death knight
  5590 | D:13     | Killed a skeletal warrior
  5591 | D:13     | Noticed a phantasmal warrior
  5606 | D:13     | Noticed Rupert
  5608 | D:13     | Noticed a centaur warrior
  5637 | D:12     | XOM: cloud trail
  5949 | D:11     | Found a staircase to the Lair.
  5972 | D:11     | Noticed a hill giant
  6163 | Orc:1    | Entered Level 1 of the Orcish Mines
  6334 | Orc:1    | XOM: harmless Pois miscast
  6356 | Orc:2    | Entered Level 2 of the Orcish Mines
  6356 | Orc:2    | Noticed an orc sorcerer
  6364 | Orc:2    | Killed an orc sorcerer
  6533 | Orc:1    | Reached XP level 12. HP: 42/88 MP: 12/15
  6541 | Orc:1    | Noticed an orc warlord
  6635 | Orc:2    | Found a roughly hewn altar of Beogh.
  6679 | Orc:2    | XOM: harmless Necr miscast
  6704 | Orc:2    | XOM: silly message
  6720 | Orc:2    | Found a roughly hewn altar of Beogh.
  6819 | Orc:2    | Found a roughly hewn altar of Beogh.
  6878 | Orc:2    | Found a roughly hewn altar of Beogh.
  6930 | Orc:2    | Found Veusew's Food Shop.
  6994 | Orc:2    | XOM: mild Erth miscast
  7193 | Orc:2    | Found a roughly hewn altar of Beogh.
  7234 | Orc:2    | XOM: noise
  7342 | Orc:2    | Found a staircase to the Elven Halls.
  7410 | Orc:2    | Reached skill level 15 in Axes
  7598 | Orc:2    | Found a roughly hewn altar of Beogh.
  7633 | Orc:2    | Noticed an orc high priest
  7639 | Orc:2    | Found Kusotaxt's Book Shop.
  7648 | Orc:2    | Killed an orc high priest
  8287 | Orc:2    | XOM: mild Ice miscast
  8328 | Orc:2    | XOM: noise
  8358 | Orc:2    | Noticed an orc warlord
  8426 | Orc:1    | Noticed an ogre mage
  8444 | Orc:1    | Killed an ogre mage
  8516 | Orc:1    | XOM: god gift: twisted bronze wand {god gift}
  8558 | Orc:1    | XOM: mild Tmut miscast
  8796 | Orc:2    | Found Nainixi's Antique Armour Shoppe.
  8803 | Orc:2    | Found a roughly hewn altar of Beogh.
  8806 | Orc:2    | Found Xanner's Antique Weapon Emporium.
  8817 | Orc:2    | Bought a pitted scale mail for 225 gold pieces
  8827 | Orc:2    | Identified the +5 scale mail of Juolot {rPois rF+ rC-} (You bought it in a shop on level 2 of the Orcish Mines)
  8894 | Orc:2    | XOM: mild Ice miscast
  8965 | D:10     | Killed Fannar
  8965 | D:10     | Reached skill level 16 in Axes
  9185 | D:10     | XOM: mild Ice miscast
  9361 | D:12     | Reached XP level 13. HP: 35/94 MP: 16/16
  9481 | D:12     | Lost mutation: You are very frail. (-20% HP) [mutagenic meat]
  9665 | Lair:1   | Entered Level 1 of the Lair of Beasts
  9743 | Lair:1   | Reached skill level 17 in Axes
 10110 | Lair:2   | Reached ***** piety under the Shining One
 10213 | Lair:2   | XOM: enchant monster (bad)
 10322 | Lair:3   | Was forgiven by Xom
 11146 | Lair:6   | Entered Level 6 of the Lair of Beasts
 11198 | Lair:6   | Reached skill level 18 in Axes
 11543 | Lair:6   | Noticed a fire dragon
 11557 | Lair:6   | Killed a fire dragon
 11585 | Lair:6   | Got an iridescent falchion
 11609 | Lair:6   | no fda:*(
 11710 | Lair:6   | Identified the +0 falchion of Valuable Assets {elec, *Corrode rF+ Stlth+} (You found it on level 6 of the Lair of Beasts)
 12149 | Lair:6   | Reached XP level 14. HP: 80/113 MP: 17/17
 12180 | Lair:6   | Reached skill level 19 in Axes
 12826 | D:14     | Found Wigus's General Store.
 12838 | D:14     | Bought a scroll of recharging for 171 gold pieces
 13075 | D:15     | Entered Level 15 of the Dungeon
 13205 | D:14     | Noticed a vampire knight
 13205 | D:14     | Noticed a war gargoyle
 13205 | D:14     | Reached ****** piety under the Shining One
 13213 | D:15     | Killed a vampire knight
 13322 | D:15     | Found Vubi's Jewellery Boutique.
 13342 | D:15     | Bought an uncursed amulet of regeneration for 390 gold pieces
 13478 | D:14     | Reached skill level 20 in Axes
 13589 | D:14     | Reached skill level 15 in Armour
 13598 | D:14     | Lost mutation: You are very weak. (Str -4) [mutagenic meat]
 13601 | D:14     | Gained mutation: You are clumsy. (Dex -2) [mutagenic meat]
 13604 | D:14     | Gained mutation: You have very sharp teeth. [mutagenic meat]
 13607 | D:14     | Lost mutation: Your spells are a little easier to cast, but a little less powerful. [mutagenic meat]
 13616 | D:14     | Gained mutation: You have a pair of large horns on your head. [mutagenic meat]
 13619 | D:14     | Gained mutation: Your flesh is cold resistant. (rC+) [mutagenic meat]
 14046 | D:13     | Killed Rupert
 14153 | Elf:1    | Entered Level 1 of the Elven Halls
 14346 | Elf:1    | Noticed an Ice Fiend
 14347 | Elf:1    | Reached skill level 21 in Axes
 14355 | Elf:1    | Reached XP level 15. HP: 118/118 MP: 14/18
 14815 | Elf:2    | Found a runed gate.
 14815 | Elf:2    | Found a runed gate.
 14815 | Elf:2    | Found a runed gate.
 14826 | Elf:2    | Noticed Aizul
 14828 | Elf:3    | Entered Level 3 of the Elven Halls
 14902 | Elf:3    | Cast into level 3 of the Abyss (a deep elf demonologist)
 14953 | Abyss:4  | Found a stormy altar of Qazlal.
 15152 | Abyss:4  | Reached skill level 22 in Axes
 15181 | Abyss:4  | Noticed a tentacled starspawn
 15204 | Abyss:4  | Killed a tentacled starspawn
 15207 | Elf:3    | Escaped the Abyss
 15208 | Elf:3    | Noticed a Hell Sentinel
 15409 | Elf:2    | Found Eplarheb's Food Shoppe.
 15467 | Elf:3    | Noticed a deep elf sorcerer
 15469 | Elf:3    | Killed a deep elf sorcerer
 15814 | Elf:3    | Reached XP level 16. HP: 107/126 MP: 19/19
 16141 | Elf:3    | Cast into level 2 of the Abyss (a deep elf sorcerer)
 16157 | Abyss:2  | Learned a level 6 spell: Haste
 16247 | Abyss:2  | Gained mutation: Your magical capacity is very low. (-20% MP) [a cacodemon]
 16274 | Abyss:2  | Noticed a bone dragon
 16290 | Abyss:2  | Killed a bone dragon
 16315 | Abyss:3  | Got a vibrating platinum ring
 16317 | Abyss:3  | Identified the ring "Ucuuhy" {+Fly rF+ MR++ Str-2 Int+3} (You found it on level 3 of the Abyss)
 16343 | Elf:3    | Escaped the Abyss
 16427 | Elf:3    | Noticed a deep elf blademaster
 16437 | Elf:3    | Killed a deep elf blademaster
 16525 | Elf:3    | Noticed a deep elf blademaster
 16528 | Elf:3    | Noticed a deep elf master archer
 16531 | Elf:3    | Noticed a deep elf master archer
 16535 | Elf:3    | Killed a deep elf blademaster
 16535 | Elf:3    | Reached skill level 23 in Axes
 16535 | Elf:3    | Reached skill level 5 in Dodging
 16741 | Elf:3    | Noticed an Ice Fiend
 16769 | Elf:3    | Killed a deep elf master archer
 16775 | Elf:3    | Killed a deep elf master archer
 16910 | Elf:3    | Got a bloodstained hand axe {antimagic}
 16914 | Elf:3    | Got a transparent silver amulet
 16962 | Elf:3    | Reached XP level 17. HP: 135/136 MP: 18/18
 16985 | Elf:3    | rly
 17036 | Elf:3    | Identified the +8 hand axe "Pyzomo" {antimagic, rF+} (You took it off a deep elf mage on level 3 of the Elven Halls)
 17104 | Elf:3    | Identified the amulet of Misy Eka {Regen+ Int+4 Slay+2} (You took it off a deep elf mage on level 3 of the Elven Halls)
 17112 | Elf:3    | Got a shimmering ring mail
 17114 | Elf:3    | Got a heavily runed plate armour
 17138 | Elf:3    | Identified the Reference Book on Aerial Enhancements (You found it on level 3 of the Elven Halls)
 17141 | Elf:3    | Learned a level 2 spell: Swiftness
 17175 | Elf:3    | Identified the +0 plate armour of the Gloaming {rPois MP+9} (You found it on level 3 of the Elven Halls)
 17185 | Elf:3    | Identified the cursed +1 ring mail of Bikhy {Str+4 Int+4} (You found it on level 3 of the Elven Halls)
 17523 | D:11     | Killed Harold
 17612 | Lair:2   | Found a basalt altar of Yredelemnul.
 17667 | Lair:4   | Found a staircase to the Snake Pit.
 17673 | Snake:1  | Entered Level 1 of the Snake Pit
 17715 | Snake:1  | Found Wuquc's Book Shop.
 17771 | Snake:2  | Noticed Kirke
 17780 | Snake:2  | Killed Kirke
 17780 | Snake:2  | Reached skill level 24 in Axes
 17823 | Snake:2  | Found Kuxeklyo's Food Boutique.
 17824 | Snake:2  | Noticed Asterion
 17845 | Snake:2  | Killed Asterion
 17864 | Snake:2  | The Shining One protects you from harm!
 17875 | Snake:2  | Slain by a salamander

Vault maps used:
D:1:      dpeg_arrival_lava_temple_mockup, roderic_roman_lattice
D:3:      minmay_overflow_temple_star_quad, first_bread,
          nicolae_qazlal_general_emergency, uniq_terence
D:4:      uniq_robin, uniq_crazy_yiuf_cottage
D:5:      overflow_temple_1_default, grunt_pakellas_mercury,
          nicolae_overflow_hidden_temple, hangedman_decor_riveting
D:6:      gup_ossuary_entry_pyramid, minmay_joined_circles
D:7:      cheibriados_altar_1, marbit_many_paths, lemuel_doored_altar,
          grunt_livestock, uniq_duvessa
D:9:      kennysheep_kobold_camp, kennysheep_ying_yang,
          nicolae_dithmenos_the_darkroom
D:10:     david_orc_3, special_room, uniq_fannar
D:11:     david_lair_generic, uniq_harold
D:12:     minmay_box_of_statues, minivault_14, bh_hangedman_babel_library
D:13:     david_vaults_2, uniq_rupert, uniq_nessos
D:14:     minmay_connected_triangles_in_corner, serial_shops, shop,
          infiniplex_staircase_river
D:15:     grunt_enter_depths_magical_seal, corexii_leaking_fountain,
          serial_shops, shop
Temple:   compressed_dpeg_triangle_lava_temple
Lair:2:   basic_altar, grunt_megastairs_4
Lair:3:   shoals_dummy_entry, fungi_pond_lemuel, minivault_26,
          lemuel_fruit_tree, grunt_megastairs_2
Lair:4:   minmay_snake_entry_guardpost_medium
Lair:5:   minmay_slime_entry_oklob_enclosed, st_stairs_6
Lair:6:   hangedman_lair_caniforms_friends, guppyfry_lair_end_dragon,
          serial_bayou_ford_a, st_stairs_9, minmay_lair_oklob_bushes
Snake:1:  serial_shops, nicolae_shop_crystal
Snake:2:  basic_altar, serial_shops, shop, nicolae_snake_salamander_stairs,
          uniq_nikola, uniq_jorgrun, uniq_asterion, uniq_kirke
Orc:2:    grunt_orc_community_town_hall, grunt_orc_community_big_house_2,
          grunt_orc_community_big_house_2, grunt_orc_community_house_2,
          grunt_orc_community_house_3, grunt_orc_community_house_1,
          grunt_orc_community_house_1, grunt_orc_community_house_2,
          grunt_orc_community_house_2, basic_altar, nicolae_orc_stony_grotto
Elf:1:    minmay_elf_arrival_plus, serial_shops, shop, hangedman_elf_disciples,
          roderic_lattice_octagonal_star, grunt_megastairs_3
Elf:2:    serial_shops, shop, minivault_19, st_stairs_14, grunt_ministairs_9,
          uniq_aizul
Elf:3:    elf_hall, elves_outpost_lemuel
Abyss:3:  grunt_abyss_rune_forest_and_sorcery
Abyss:4:  evilmike_abyss_exit_kraken
Ossuary:  ossuary_crypta

Skill      XL: |  1  2  3  4  5  6  7  8  9 10 11 12 13 14 15 16 17 |
---------------+----------------------------------------------------+-----
Axes           | 4 5 6 7 8 10 11 13 14 16 18 21 22 23 24 | 24.1
Fighting       | 4 5 6 7 9 10 11 12 14 | 14.5
Armour         | 3 4 5 6 8 9 10 12 14 15 16 17 18 | 18.0
Invocations    | 2 4 5 6 8 9 |  9.5
Dodging        | 3 6 7 |  7.3

Action                   |  1- 3 |  4- 6 |  7- 9 | 10-12 | 13-15 | 16-18 || total
-------------------------+-------+-------+-------+-------+-------+-------++-------
Melee: Hand axe          |    82 |    73 |    28 |   798 |     8 |       ||   989
       Headbutt          |     9 |    22 |    38 |   141 |   158 |    48 ||   416
       War axe           |       |    30 |   287 |       |       |       ||   317
       Battleaxe         |       |       |       |   199 |   681 |   142 ||  1022
       Executioner's axe |       |       |       |       |   341 |   238 ||   579
       Bite              |       |       |       |       |    32 |    33 ||    65
Throw: Javelin           |       |       |       |     2 |       |       ||     2
       Throwing net      |       |       |       |       |       |     1 ||     1
Invok: Divine Shield     |       |       |       |    16 |     6 |     2 ||    24
       Cleansing Flame   |       |       |       |     3 |     3 |       ||     6
       Summon Divine War |       |       |       |       |     2 |       ||     2
Evoke: Wand              |       |     2 |     2 |     6 |     5 |     5 ||    20
  Use: Potion            |       |     4 |     7 |     9 |     1 |     5 ||    26
       Scroll            |       |     7 |     6 |    11 |    20 |     8 ||    52
 Stab: Paralysed         |       |     1 |       |       |       |       ||     1
  Eat: Chunk             |       |     1 |     5 |    19 |    22 |     1 ||    48
       Pizza             |       |     1 |       |     2 |       |       ||     3
       Beef jerky        |       |       |     1 |       |       |       ||     1
       Bread ration      |       |       |       |     3 |     1 |     1 ||     5
       Royal jelly       |       |       |       |       |     4 |     1 ||     5
       Fruit             |       |       |       |       |     4 |       ||     4
       Meat ration       |       |       |       |       |     1 |       ||     1
Armor: Ring mail         |    47 |    42 |    92 |   178 |       |       ||   359
       Skin              |       |       |    93 |       |       |       ||    93
       Chain mail        |       |       |       |   157 |    90 |    80 ||   327
       Scale mail        |       |       |       |    25 |   423 |       ||   448
       Troll leather arm |       |       |       |       |     1 |       ||     1
       Plate armour      |       |       |       |       |       |   106 ||   106
Dodge: Dodged            |    52 |    50 |   173 |   389 |   479 |   140 ||  1283
Block: Other             |       |       |       |    92 |    23 |     9 ||   124
